 Dungeon Crawl Stone Soup version 0.15-a0-1646-g393eda0 (console) character file.

2434 MrRokkomies the Basher (level 9, 0/65 HPs)
             Began as a Formicid Warper on June 22, 2014.
             Was an Initiate of Dithmenos.
             Slain by a wight
             ... wielding a cursed +2 great sword
              (11 damage)
             ... on Level 7 of the Dungeon.
             The game lasted 00:34:18 (7911 turns).

MrRokkomies the Basher (Formicid Warper)            Turns: 7911, Time: 00:34:18

HP   0/65        AC 13     Str 21      XL: 9   Next: 77%
MP  18/18        EV  7     Int 14      God: Dithmenos [......]
Gold 365         SH  0     Dex 12      Spells:  5 memorised,  1 level left

rFire  x . .     SeeInvis +     b - +2 morningstar
rCold  + . .     Clarity  .     q - +1 chain mail
rNeg   . . .     rCorr    .     (no shield)
rPois  .         rRot     .     (helmet unavailable)
rElec  .         Spirit   .     (no cloak)
SustAb +         Warding  .     (no gloves)
rMut   .         Stasis   +     D - +0 pair of boots
Gourm  .                        (no amulet)
MR     .....                    w - ring of ice
                                e - ring of sustain abilities

@: mighty, not resistant to hostile enchantments, extremely unstealthy
A: permanent stasis, dig shafts and tunnels, four strong arms, antennae 3
a: Dig, Shaft Self, Renounce Religion


You were on level 7 of the Dungeon.
You worshipped Dithmenos.
Dithmenos was noncommittal.
You were not hungry.

You visited 2 branches of the dungeon, and saw 8 of its levels.

You collected 365 gold pieces.

Inventory:

Hand weapons
 b - a +2 morningstar (weapon)
 j - a +0 dire flail
 p - a +2 dagger of venom
Missiles
 h - 20 sling bullets
 k - 36 arrows
 n - 40 bolts
 A - 9 tomahawks (quivered)
Armour
 i - a cursed +0 robe
 q - a +1 chain mail (worn)
 D - a +0 pair of boots (worn)
Comestibles
 a - a slice of pizza
 f - 4 bread rations
 g - a meat ration
 o - 2 rotting chunks of worker ant flesh
 s - a royal jelly
Scrolls
 r - a scroll of identify
 B - a scroll of recharging
Jewellery
 e - a ring of sustain abilities (left hand)
 w - a ring of ice (right hand)
 z - an uncursed ring of fire
Potions
 m - 3 potions of restore abilities
 t - a potion of flight
 v - a potion of curing
Books
 c - a book of Spatial Translocations

   Spells                             Type                      Level
   *Apportation                       Translocation                1
   Blink                              Translocation                2
   *Shroud of Golubria                Charms/Translocation         2
   *Portal Projectile                 Translocation                3
   Teleport Other                     Translocation                3
   *Passage of Golubria               Translocation                4
 d - a book of Party Tricks

   Spells                             Type                      Level
   *Summon Butterflies                Summoning                    1
   *Apportation                       Translocation                1
   Blink                              Translocation                2
   Tukima's Dance                     Hexes                        3
   Alistair's Intoxication            Transmutation/Poison         4


   Skills:
 + Level 4.2 Fighting
 * Level 9.7 Maces & Flails
 - Level 0.7 Throwing
 - Level 8.1 Armour
 - Level 1.7 Dodging
 - Level 2.1 Spellcasting
 - Level 2.6 Translocations


You had one spell level left.
You knew the following spells:

 Your Spells              Type           Power        Failure   Level  Hunger
a - Apportation           Tloc           #.........   61%         1    #......
b - Summon Butterflies    Summ           #.......     98%         1    #......
c - Shroud of Golubria    Chrm/Tloc      #.........   98%         2    ###....
d - Portal Projectile     Tloc           #.....       98%         3    ####...
e - Passage of Golubria   Tloc           N/A          100%        4    #####..


Dungeon Overview and Level Annotations

Branches:
Dungeon (7/15)             Temple (1/1) D:7

Altars:
Cheibriados
Dithmenos
Elyvilon
Fedhas
Makhleb
Nemelex Xobeh
Okawaru
Sif Muna
Xom
Zin


Innate Abilities, Weirdness & Mutations

Your are under a permanent stasis effect.
You can dig through walls and to a lower floor.
Your four strong arms can wield two-handed weapons with a shield.
You have a pair of large antennae on your head (SInv).


Message History

You are too injured to fight recklessly!
You hit the orc warrior.
The orc warrior is almost dead.
The orc warrior barely misses you.
You thump the orc warrior!
You kill the orc warrior!
Dithmenos accepts your kill. The wight barely misses you.
Use which ability? (? or * to list)
You extend your mandibles.
You dig through the rock wall.
You retract your mandibles.
You sock the orc!
You kill the orc!
Dithmenos accepts your kill.
You barely miss the wight. The wight hits you with a great sword!
* * * LOW HITPOINT WARNING * * *
You puncture the wight!
The wight is almost destroyed.
The wight hits you with a great sword!
You die...

#z ###########.### #.
#.# #. #.# #. #.#
.######.##############.#
.......z....z..........#
############{###########
#z## ##@# ###


You could see a wight.

Vanquished Creatures
  Joseph (D:7)
  A hippogriff (D:7)
  An orc warrior (D:7)
  A necrophage (D:6)
  An ogre (D:5)
  2 sky beasts
  The ghost of Somebody the Poker, an average HOGl (D:4)
  A centaur (D:7)
  Sigmund (D:4)
  2 giant frogs
  A scorpion (D:4)
  A goliath beetle (D:6)
  5 wights (D:7)
  2 orc priests
  A black bear zombie (D:5)
  2 hounds
  4 orc wizards
  8 worker ants
  An ogre zombie (D:5)
  A worker ant zombie (D:6)
  9 adders
  6 gnolls
  A shadow imp (D:5)
  2 worms
  3 giant geckos
  2 oozes
  14 orcs
  2 ball pythons (D:2)
  13 bats
  A bat zombie (D:6)
  8 giant cockroaches
  16 goblins
  11 hobgoblins
  7 kobolds
  A giant gecko skeleton (D:4)
  8 giant newts
  12 jackals
  9 rats
  A rat zombie (D:5)
164 creatures vanquished.

Vanquished Creatures (others)
  A kobold (D:7)
  A rat (D:1)
2 creatures vanquished.

Grand Total: 166 creatures vanquished

Notes
Turn   | Place    | Note
--------------------------------------------------------------
     0 | D:1      | MrRokkomies, the Formicid Warper, began the quest for the Orb.
     0 | D:1      | Reached XP level 1. HP: 16/16 MP: 3/3
    68 | D:1      | Reached XP level 2. HP: 22/22 MP: 5/5
   296 | D:1      | Reached XP level 3. HP: 27/27 MP: 7/7
   326 | D:1      | Reached skill level 3 in Maces & Flails
   925 | D:1      | Found a sparkling altar of Nemelex Xobeh.
  1355 | D:2      | Reached XP level 4. HP: 30/33 MP: 8/8
  1913 | D:2      | Reached XP level 5. HP: 38/38 MP: 11/11
  2338 | D:3      | Learned a level 1 spell: Summon Butterflies
  2739 | D:3      | Reached skill level 4 in Armour
  3160 | D:4      | Reached XP level 6. HP: 26/44 MP: 12/12
  3317 | D:4      | Reached skill level 5 in Armour
  3416 | D:4      | Noticed Sigmund
  3427 | D:4      | Killed Sigmund
  3427 | D:4      | Reached XP level 7. HP: 26/50 MP: 14/14
  3554 | D:4      | Noticed a sky beast
  3565 | D:4      | Killed a sky beast
  3565 | D:4      | Reached skill level 6 in Armour
  3650 | D:4      | Noticed Somebody's ghost (average HOGl)
  3670 | D:4      | Killed Somebody's ghost
  3670 | D:4      | Reached skill level 5 in Maces & Flails
  3844 | D:4      | Found a blossoming altar of Fedhas.
  4982 | D:5      | Entered Level 5 of the Dungeon
  5015 | D:5      | Reached skill level 7 in Armour
  5139 | D:5      | Reached XP level 8. HP: 48/56 MP: 16/16
  5293 | D:5      | Found an iron altar of Okawaru.
  6301 | D:5      | Reached skill level 8 in Armour
  6334 | D:5      | Learned a level 2 spell: Shroud of Golubria
  6338 | D:5      | Learned a level 3 spell: Portal Projectile
  6343 | D:5      | Learned a level 4 spell: Passage of Golubria
  7133 | D:6      | Found a shimmering altar of Xom.
  7300 | D:7      | Reached XP level 9. HP: 58/62 MP: 18/18
  7350 | D:7      | Found a staircase to the Ecumenical Temple.
  7418 | Temple   | Entered the Ecumenical Temple
  7422 | Temple   | Became a worshipper of Dithmenos the Shadowed
  7584 | D:7      | Found a white marble altar of Elyvilon.
  7657 | D:7      | Noticed Joseph
  7675 | D:7      | Killed Joseph
  7675 | D:7      | Reached skill level 9 in Maces & Flails
  7911 | D:7      | Slain by a wight

Action                   |  1- 3 |  4- 6 |  7- 9 || total
-------------------------+-------+-------+-------++-------
Melee: Mace              |   116 |   173 |    57 ||   346
       Dagger            |       |    24 |    10 ||    34
       Flail             |       |       |   217 ||   217
       Morningstar       |       |       |    59 ||    59
       Dire flail        |       |       |    10 ||    10
Throw: Tomahawk          |     9 |    18 |    65 ||    92
 Abil: Dig               |       |       |     2 ||     2
Evoke: Wand              |     1 |     6 |     7 ||    14
  Use: Scroll            |     4 |     9 |     7 ||    20
       Potion            |       |       |     5 ||     5
